Map: Incorporeal LE

Players

Nonest

  • Race: Zerg Zerg
  • League: Diamond
  • Spawn Location: 11:00

edson - Winner!

  • Race: Terran Terran
  • League: Diamond
  • Spawn Location: 5:00

VOD

Have the link to the VOD?

Description

maphack?

Time

  • Played on: June 22, 2025, 9:14 a.m.
  • Length: 5:28
Show
View Real Time Build Order
Export as new Build Order

Nonest Zerg 

Build Orders: Pool First, Roach Nydus 

Get SALT Encoding   

  12  0:00  Drone  
  13  0:11  Drone  
  14  0:26  Drone, Extractor  
  14  0:28  Overlord  
  14  0:29  Drone, Extractor  
  16  0:48  Spawning Pool  
  15  1:13  Hatchery  
  15  1:17  Drone x2, Extractor  
  15  1:25  Drone  
  16  1:34  Drone  
  16  1:36  Queen  
  19  1:42  Zergling x2  
  20  1:56  Drone  
  20  2:00  Overlord  
  21  2:18  Overlord  
  21  2:26  Lair  
  20  2:33  Drone, Extractor  
  20  2:34  Drone x2  
  22  2:48  Zergling x4, Roach Warren  
  23  3:04  Drone  
  24  3:06  Drone x4  
  24  3:11  Overlord  
  28  3:29  Queen  
  28  3:34  Drone  
  31  3:41  Nydus Network  
  30  3:47  Drone x3  
  33  3:51  Roach  
  35  3:56  Overlord  
  33  4:07  Overseer  
  33  4:12  Drone  
  33  4:13  Drone  
  35  4:19  Roach x3  
  41  4:39  Roach  
  41  4:41  Overlord x3  
  43  4:51  Overlord  
  43  4:59  Spore Crawler  
  44  5:01  Roach x2  
  48  5:19  Nydus Canal  
Show
View Real Time Build Order
Export as new Build Order

edson Terran - Winner!

Build Orders:  

Get SALT Encoding   

  12  0:00  SCV  
  13  0:13  Supply Depot  
  13  0:18  SCV  
  14  0:30  SCV  
  15  0:37  Barracks  
  15  0:43  SCV  
  16  0:50  Supply Depot  
  16  0:55  SCV  
  17  1:07  SCV  
  17  1:10  Refinery  
  18  1:19  SCV  
  18  1:24  Marine  
  20  1:28  Supply Depot  
  20  1:31  SCV  
  21  1:42  Marine  
  21  1:43  SCV  
  21  1:46  Refinery  
  23  2:14  Factory, SCV  
  24  2:26  SCV  
  24  2:38  SCV  
  24  2:41  Marine  
  26  2:50  SCV  
  27  2:58  Supply Depot  
  27  3:03  SCV  
  27  3:05  Starport  
  28  3:06  Starport  
  28  3:15  SCV  
  28  3:18  Widow Mine  
  31  3:25  Supply Depot  
  31  3:27  SCV  
  32  3:39  SCV  
  33  3:51  SCV  
  33  3:54  Starport Tech Lab x2  
  34  4:03  Orbital Command  
  34  4:09  Marine  
  34  4:10  Factory Tech Lab  
  34  4:14  Banshee x2, Command Center  
  41  4:27  Marine  
  42  4:47  Siege Tank  
  42  4:50  SCV  
  46  5:02  SCV  
  46  5:03  Refinery, Supply Depot  
  46  5:04  Refinery  
  53  5:14  SCV  
Tags
 
Add a new tag
Caveats
  • Supply blocks, unpowered buildings, or Contaminate may cause inaccurate times.
  • Supply counts are checked every 10 seconds.